 Dungeon Crawl Stone Soup version 0.30.0-30-g96aa6591b8 (webtiles) character file.

Game seed: 5117376572798540758

476 jtron the Reanimator (level 7, -1/51 HPs)
             Began as a Gnoll Wanderer on June 30, 2023.
             Slain by an ice beast (13 damage)
             ... on level 5 of the Dungeon.
             The game lasted 00:13:16 (4759 turns).

jtron the Reanimator (Gnoll Wanderer)               Turns: 4759, Time: 00:13:18

Health: -1/51      AC: 10    Str:  8    XL:     7   Next: 10%
Magic:  9/12       EV: 11    Int: 17    God:
Gold:   285        SH:  5    Dex: 11    Spells: 11/13 levels left

rFire   . . .        a - +0 short sword (freeze)
rCold   . . .        s - +0 buckler
rNeg    . . .        n - +0 leather armour
rPois   .            e - +0 helmet
rElec   .            (no cloak)
rCorr   .            w - +2 pair of gloves "Bauz Itu" {Stlth+}
SInv    .            o - +2 pair of boots
Will    .....        (no amulet)
Stlth   +++          l - ring of flight
HPRegen 0.28/turn    (no ring)
MPRegen 0.13/turn

%: no passive effects
@: flying
A: fangs 1, strong nose, distributed training
a: no special abilities


You were on level 5 of the Dungeon.
You visited 1 branch of the dungeon, and saw 5 of its levels.

You collected 285 gold pieces.

Inventory:

Hand Weapons
 a - a +0 short sword of freezing (weapon)
 b - a +0 sling
 m - a +0 dagger
 x - a +0 spear
 y - a +0 trident
 B - the +7 staff of the Meek {protect, meekguard}
   (You found it on level 3 of the Dungeon)
Missiles
 i - 40 stones
 q - 13 boomerangs (quivered)
 r - 4 javelins
Armour
 d - a +0 robe
 e - a +0 helmet (worn)
 n - a +0 leather armour (worn)
 o - a +2 pair of boots (worn)
 s - a +0 buckler (worn)
 w - the +2 pair of gloves "Bauz Itu" (worn) {Stlth+}
   (You found it on level 5 of the Dungeon)

   Stlth:     It makes you more stealthy.
Jewellery
 l - a ring of flight (left hand)
Scrolls
 f - 2 scrolls of vulnerability
 g - 5 scrolls of teleportation
 j - 2 scrolls of identify
 p - a scroll of summoning
 v - 2 scrolls of amnesia
 D - a scroll of fog
Potions
 c - a potion of berserk rage
 h - a potion of flight {unknown}
 k - a potion of ambrosia {unknown}
 t - a potion of mutation
 u - 2 potions of lignification
 z - 2 potions of curing
 A - a potion of heal wounds
 C - a potion of brilliance


   Skills:
 + Level 2.3 Fighting
 + Level 2.3 Short Blades
 + Level 2.3 Long Blades
 + Level 2.3 Axes
 + Level 2.3 Maces & Flails
 + Level 2.3 Polearms
 + Level 2.3 Staves
 + Level 2.3 Ranged Weapons
 + Level 2.3 Throwing
 + Level 3.5 Armour
 + Level 2.3 Dodging
 + Level 2.3 Stealth
 + Level 7.0 Shields
 + Level 2.3 Unarmed Combat
 + Level 3.7 Spellcasting
 + Level 1.9 Conjurations
 + Level 1.9 Hexes
 + Level 1.9 Summonings
 + Level 9.0 Necromancy
 + Level 1.9 Translocations
 + Level 1.9 Transmutations
 + Level 1.9 Fire Magic
 + Level 1.9 Ice Magic
 + Level 1.9 Air Magic
 + Level 1.9 Earth Magic
 + Level 1.9 Poison Magic
 + Level 2.6 Invocations
 + Level 2.3 Evocations


You had 11 spell levels left.
You knew the following spells:

 Your Spells              Type           Power      Damage    Failure   Level
a - Necrotise             Necr           100%       1d9       1%          1
b - Kiss of Death         Conj/Necr      84%        2d11      3%          1

Your spell library contained the following spells:

 Spells                   Type           Power      Damage    Failure   Level
 Sublimation of Blood     Necr           33%        N/A       1%          2
 Beastly Appendage        Tmut           18%        N/A       14%         1
 Magic Dart               Conj           36%        1d4       14%         1
 Blink                    Tloc           18%        N/A       22%         2
 Call Imp                 Summ           18%        N/A       22%         2
 Lesser Beckoning         Tloc           18%        N/A       22%         2
 Momentum Strike          Conj/Tloc      18%        3d8       22%         2
 Wereblood                Tmut           9%         N/A       22%         2
 Mephitic Cloud           Conj/Pois/Air  9%         N/A       41%         3
 Spider Form              Tmut/Pois      9%         N/A       41%         3


Dungeon Overview and Level Annotations

Branches:
Dungeon (5/15)
 Temple: D:4-7

Altars:

Annotations:
D:4 Grinder


Innate Abilities, Weirdness & Mutations

You have very sharp teeth.
Your uncanny sense of smell can sniff out nearby items.
Your experience applies equally to all skills.


Message History

The ice beast hits you but does no damage.
You hit the ice beast.
The ice beast is heavily wounded.
The ice beast closely misses you.
You hit the ice beast.
The ice beast is heavily wounded.
The ice beast closely misses you.
You hit the ice beast but do no damage. Your bite misses the ice beast.
The ice beast is heavily wounded.
The ice beast hits you but does no damage.
You hit the ice beast but do no damage. Your bite misses the ice beast.
The ice beast is heavily wounded.
The ice beast hits you but does no damage.
You hit the ice beast but do no damage.
The ice beast is heavily wounded.
You block the ice beast's attack.
You closely miss the ice beast.
The ice beast is heavily wounded.
You block the ice beast's attack.
Casting: Necrotise (safe; 1% risk of failure)
Confirm with . or Enter, or press ? or * to list all spells.
Aiming: Necrotise (safe; 1% risk of failure)
Press: ? - help, Shift-Dir - straight line, f/p - ice beast
Aim: an ice beast (heavily wounded, chance to affect: 83%)
The ice beast writhes in agony!
You block the ice beast's attack.
Casting: Necrotise (safe; 1% risk of failure)
Confirm with . or Enter, or press ? or * to list all spells.
Aiming: Necrotise (safe; 1% risk of failure)
Press: ? - help, Shift-Dir - straight line, f/p - ice beast
Aim: an ice beast (severely wounded, chance to affect: 83%)
The ice beast writhes in agony.
You block the ice beast's attack.
Casting: Necrotise (safe; 1% risk of failure)
Confirm with . or Enter, or press ? or * to list all spells.
Aiming: Necrotise (safe; 1% risk of failure)
Press: ? - help, Shift-Dir - straight line, f/p - ice beast
Aim: an ice beast (almost dead, chance to affect: 83%)
The ice beast writhes in agony.
The ice beast hits you.
* * * LOW HITPOINT WARNING * * *
The ice beast freezes you!
You die...

..... ....# ######....#
#.###.##
#.........##<#.......
#.........##.##......
#....................
#.........##.##......
#...Y....)##.##......
#...@......#.###.....
#..........#.#.......
#....................
#............##......
#..........#.##......
####....#.#...#.##......
#...)...................
####....#.#...#####...<.
#..........# #.....


You could see an ice beast.

Vanquished Creatures
  An ogre (D:5)
  A hound (D:5)
  3 orc priests
  Natasha (thrice) (D:3)
  2 orc wizards
  Robin (D:2)
  4 adders
  An ufetubus (D:5)
  A worm (D:3)
  2 dart slugs (D:1)
  10 orcs
  6 bats
  7 endoplasms
  3 giant cockroaches
  19 goblins
  8 hobgoblins
  2 quokkas
  2 ball pythons
  4 frilled lizards
  3 kobolds
  3 rats
86 creatures vanquished.

Vanquished Creatures (collateral kills)
  2 orcs (D:3)
  A hobgoblin (D:1)
  A frilled lizard (D:3)
  A kobold (D:4)
5 creatures vanquished.

Grand Total: 91 creatures vanquished

Notes
Turn   | Place    | Note
-------+----------+-------------------------------------------
     0 | D:1      | jtron the Gnoll Wanderer began the quest for the Orb.
     0 | D:1      | jtron set off with the following items: a +0 dagger, a +0
                  | buckler, a potion of berserk rage, a +0 robe, a potion of
                  | lignification; and the following spells available to
                  | memorise: Necrotise, Sublimation of Blood, Kiss of Death.
     0 | D:1      | Reached XP level 1. HP: 13/13 MP: 4/4
     2 | D:1      | Learned a level 1 spell: Necrotise
     4 | D:1      | Learned a level 1 spell: Kiss of Death
   308 | D:1      | Reached XP level 2. HP: 17/18 MP: 1/5
  1561 | D:2      | Reached XP level 3. HP: 25/25 MP: 5/7
  1745 | D:2      | Noticed Robin
  1761 | D:2      | Reached skill level 1 in Invocations
  1786 | D:2      | Killed Robin
  1787 | D:2      | Reached skill level 1 in Fighting
  1787 | D:2      | Reached skill level 1 in Short Blades
  1787 | D:2      | Reached skill level 1 in Long Blades
  1787 | D:2      | Reached skill level 1 in Axes
  1787 | D:2      | Reached skill level 1 in Maces & Flails
  1787 | D:2      | Reached skill level 1 in Polearms
  1787 | D:2      | Reached skill level 1 in Staves
  1787 | D:2      | Reached skill level 1 in Ranged Weapons
  1787 | D:2      | Reached skill level 1 in Throwing
  1787 | D:2      | Reached skill level 1 in Dodging
  1787 | D:2      | Reached skill level 1 in Stealth
  1787 | D:2      | Reached skill level 1 in Unarmed Combat
  1787 | D:2      | Reached skill level 1 in Evocations
  1983 | D:2      | Reached XP level 4. HP: 32/32 MP: 4/8
  2318 | D:3      | Noticed Natasha
  2326 | D:3      | Killed Natasha
  2327 | D:3      | Reached skill level 1 in Conjurations
  2327 | D:3      | Reached skill level 1 in Hexes
  2327 | D:3      | Reached skill level 1 in Summonings
  2327 | D:3      | Reached skill level 1 in Translocations
  2327 | D:3      | Reached skill level 1 in Transmutations
  2327 | D:3      | Reached skill level 1 in Fire Magic
  2327 | D:3      | Reached skill level 1 in Ice Magic
  2327 | D:3      | Reached skill level 1 in Air Magic
  2327 | D:3      | Reached skill level 1 in Earth Magic
  2327 | D:3      | Reached skill level 1 in Poison Magic
  2410 | D:3      | Reached XP level 5. HP: 37/37 MP: 2/9
  2537 | D:3      | Noticed Natasha
  2540 | D:3      | Killed Natasha
  2593 | D:3      | Noticed Natasha
  2598 | D:3      | Killed Natasha
  2744 | D:3      | Reached XP level 6. HP: 34/44 MP: 0/11
  3561 | D:3      | Found the +7 staff of the Meek {protect, meekguard}
  4189 | D:4      | Noticed Grinder
  4410 | D:5      | Entered Level 5 of the Dungeon
  4435 | D:5      | Reached skill level 9 in Necromancy
  4441 | D:5      | Reached XP level 7. HP: 21/51 MP: 4/12
  4580 | D:5      | Identified the +2 pair of gloves "Bauz Itu" {Stlth+}
  4759 | D:5      | Slain by an ice beast

Illustrated notes

Levels and vault maps discovered:
D:1:      minmay_arrival_checkered_box, layout_loops_corners,
          roderic_serpentine_path, chequers_serial_rivers_micro_d
D:2:      layout_loops_ring, uniq_robin
D:3:      minmay_angry_zag, layout_loops_cross, pf_guarded_unrand_meek,
          uniq_natasha
D:4:      layout_loops_ring, serial_glass, glass_columns_c, glass_columns_c,
          minmay_quantized, uniq_grinder
D:5:      layout_rooms, serial_glass, glass_columns_a, glass_columns_a

Skill      XL: |  1  2  3  4  5  6 |
---------------+-------------------+-----
Invocations    | 1 2 |  2.6
Fighting       | 1 2 |  2.3
Short Blades   | 1 2 |  2.3
Long Blades    | 1 2 |  2.3
Axes           | 1 2 |  2.3
Maces & Flails | 1 2 |  2.3
Polearms       | 1 2 |  2.3
Staves         | 1 2 |  2.3
Ranged Weapons | 1 2 |  2.3
Throwing       | 1 2 |  2.3
Dodging        | 1 2 |  2.3
Stealth        | 1 2 |  2.3
Unarmed Combat | 1 2 |  2.3
Evocations     | 1 2 |  2.3
Spellcasting   | 3 |  3.7
Conjurations   | 1 |  1.9
Hexes          | 1 |  1.9
Summonings     | 1 |  1.9
Translocations | 1 |  1.9
Transmutations | 1 |  1.9
Fire Magic     | 1 |  1.9
Ice Magic      | 1 |  1.9
Air Magic      | 1 |  1.9
Earth Magic    | 1 |  1.9
Poison Magic   | 1 |  1.9
Armour         | 3 |  3.5
Necromancy     | 9 |  9.0
Shields        | 7 |  7.0

Action                     |  1- 3 |  4- 6 |  7- 9 || total
---------------------------+-------+-------+-------++-------
  Melee: Dagger            |     7 |       |       ||     7
         Spear             |    31 |     8 |       ||    39
         Bite              |     1 |     1 |     8 ||    10
         Trident           |       |     5 |       ||     5
         Short sword       |       |    14 |    48 ||    62
   Fire: Sling             |     1 |       |       ||     1
  Throw: Boomerang         |       |     1 |     2 ||     3
   Cast: Necrotise         |    39 |    95 |     6 ||   140
         Kiss of Death     |     1 |       |       ||     1
    Use: Potion            |     2 |       |       ||     2
         Scroll            |       |    12 |       ||    12
   Stab: Sleeping          |     1 |     1 |       ||     2
 Armour: Robe              |     5 |       |       ||     5
         Leather armour    |    18 |    15 |    26 ||    59
         Skin              |    10 |       |       ||    10
  Dodge: Dodged            |    21 |    14 |    34 ||    69
  Block: Buckler           |    15 |     9 |    11 ||    35
